 Dungeon Crawl Stone Soup version 0.27-a0-1256-gced786f65e (webtiles) character file.

Game seed: 8857740402721428273

711 bande the Shield-Bearer (level 7, -4/44 HPs)
             Began as a Gargoyle Fighter on June 11, 2021.
             Slain by Pikel
             ... wielding a +2 whip of flaming
              (10 damage)
             ... on level 5 of the Dungeon.
             The game lasted 00:07:48 (4488 turns).

bande the Shield-Bearer (Gargoyle Fighter)          Turns: 4488, Time: 00:07:48

Health: -4/44      AC: 13    Str: 21    XL:     7   Next: 68%
Magic:  7/7        EV:  8    Int:  8    God:
Gold:   195        SH: 11    Dex: 16    Spells: 5/6 levels left

rFire    . . .     SeeInvis .   a - +1 war axe
rCold    . . .     Faith    .   c - +1 kite shield
rNeg     + . .     Spirit   .   b - +0 scale mail
rPois    ∞         Reflect  .   (no helmet)
rElec    +         Harm     .   (no cloak)
rCorr    .         Rampage  .   (no gloves)
Will     .....                  f - +0 pair of boots
Stlth    ..........             (no amulet)
HPRegen  0.14/turn              n - +6 ring of dexterity
MPRegen  0.10/turn              (no ring)

@: mighty
A: sickness immunity, AC +4, negative energy resistance 1, electricity
resistance, torment resistance 1, petrification resistance
a: no special abilities


You were on level 5 of the Dungeon.
You visited 1 branch of the dungeon, and saw 5 of its levels.

You collected 195 gold pieces.

Inventory:

Hand Weapons
 a - a +1 war axe (weapon)
 j - a +0 flail
Missiles
 e - 6 atropa-tipped darts (quivered)
 k - 3 curare-tipped darts
Armour
 b - a +0 scale mail (worn)
 c - a +1 kite shield (worn)
 f - a +0 pair of boots (worn)
Jewellery
 n - a +6 ring of dexterity (left hand)
Wands
 l - a wand of iceblast (10)
Potions
 d - 2 potions of might
 h - a potion of haste
 i - 2 potions of degeneration {unknown}
 m - 2 potions of curing
 o - 2 potions of flight {unknown}


   Skills:
 + Level 4.5 Fighting
 + Level 4.4 Axes
 + Level 4.4 Armour
 + Level 1.5 Dodging
 + Level 4.9 Shields
 * Level 1.9 Translocations
 * Level 2.1 Evocations


You had 5 spell levels left.
You knew the following spells:

 Your Spells              Type           Power      Damage    Failure   Level
a - Apportation           Tloc           6%         N/A       88%         1

Your spell library contained the following spells:

 Spells                   Type           Power      Damage    Failure   Level
 Animate Skeleton         Necr           0%         N/A       99%         1
 Corona                   Hex            0%         N/A       99%         1
 Pain                     Necr           0%         1d4       99%         1
 Summon Small Mammal      Summ           0%         N/A       99%         1
 Call Imp                 Summ           0%         N/A       99%         2
 Call Canine Familiar     Summ           0%         N/A       100%        3
 Summon Guardian Golem    Hex/Summ       0%         N/A       100%        3
 Vampiric Draining        Necr           0%         2d6       100%        3
 Animate Dead             Necr           0%         N/A       100%        4
 Summon Ice Beast         Ice/Summ       0%         N/A       100%        4
 Summon Lightning Spire   Summ/Air       0%         N/A       100%        4
 Agony                    Necr           0%         N/A       100%        5


Dungeon Overview and Level Annotations

Branches:
Dungeon (5/15)
 Temple: D:4-7

Altars:
Cheibriados
Dithmenos
Elyvilon
Makhleb
Nemelex Xobeh
Sif Muna
The Shining One

Shops:
D:3 ?

Annotations:
D:5 Pikel


Innate Abilities, Weirdness & Mutations

You are immune to sickness and miasma.
Your stone body is resilient. (AC +4)
You are immune to poison.
You resist negative energy. (rN+)
You are resistant to electric shocks. (rElec)
You are resistant to unholy torment.
You are immune to petrification.


Message History

Pikel burns you.
Pikel hits you with a +2 whip of flaming!
* * * LOW HITPOINT WARNING * * *
Pikel burns you.
* * * LOW HITPOINT WARNING * * *
You feel much better. You block Pikel's attack.
You feel very mighty all of a sudden.
Pikel hits you with a +2 whip of flaming.
Pikel burns you.
You closely miss Pikel.
Pikel is moderately wounded.
Pikel completely misses you.
You hit Pikel.
Pikel is heavily wounded.
You block Pikel's attack.
Pikel says, "Hell isn't that bad."
Pikel hits you with a +2 whip of flaming.
* * * LOW HITPOINT WARNING * * *
Pikel burns you.
* * * LOW HITPOINT WARNING * * *
You miss Pikel.
Pikel is moderately wounded.
Pikel hits you with a +2 whip of flaming.
* * * LOW HITPOINT WARNING * * *
Pikel burns you.
* * * LOW HITPOINT WARNING * * *
Unknown command.
You slash Pikel!
Pikel is severely wounded.
Pikel hits you but does no damage.
You completely miss Pikel.
Pikel is severely wounded.
You block Pikel's attack. Pikel hits you but does no damage.
You completely miss Pikel.
Pikel is severely wounded.
Pikel hits you but does no damage.
You barely miss Pikel.
Pikel is severely wounded.
Pikel hits you with a +2 whip of flaming!
You die...

*,,,,,,,,,* *,,,,**,,,,,......
,,,,,,,,,,***###..,,##.######.#..
,,,,,,,,,,,,,.....,,+............
**,********###...,,,*#.##.#*#.#..
*,,,,,,,,,,....#*####.##.# #....
*,,,****####...# #.......# ####.
*,,,,,,,,.....5*##.##.#..# #....
*,,,*****###.5###........# #.###
*,*,* #...5K@....._...###.###
*,*,** ##+#.5####.._8_.........
*,*,,* #.....Z...†..........##.
*,**,* #...#.#####......###.##.
*,**,* #.........<.#..#.######.
**,**,** #.....#######.##........
,,,**,,* #.............##########
******,* #.....######### #.<....
* *,**#|....# #..####


You could see Pikel, 2 lemures and a shadow imp.

Vanquished Creatures
  A black bear (D:5)
  2 necrophages
  A lemure (D:5)
  A phantom (D:4)
  A water moccasin zombie (D:5)
  A howler monkey (D:3)
  A hound (D:4)
  An iguana (D:3)
  A hound skeleton (D:4)
  A howler monkey zombie (D:5)
  7 gnolls (D:2)
  4 adders (D:3)
  2 worms
  A dart slug (D:1)
  An orc (D:4)
  11 endoplasms
  3 giant cockroaches
  6 hobgoblins
  8 jackals
  3 quokkas
  4 ball pythons
  7 bats
  3 frilled lizards (D:1)
  7 goblins
  8 kobolds
  2 rats
88 creatures vanquished.

Notes
Turn   | Place    | Note
-------+----------+-------------------------------------------
     0 | D:1      | bande the Gargoyle Fighter began the quest for the Orb.
     0 | D:1      | Reached XP level 1. HP: 14/14 MP: 1/1
   174 | D:1      | Reached XP level 2. HP: 19/19 MP: 2/2
   661 | D:1      | Reached XP level 3. HP: 22/23 MP: 3/3
  1006 | D:1      | Found a faded altar of an unknown god.
  1659 | D:2      | Reached XP level 4. HP: 20/29 MP: 4/4
  2213 | D:2      | Reached XP level 5. HP: 32/33 MP: 5/5
  2810 | D:3      | Found Gamenk's Magic Scroll Emporium.
  3005 | D:3      | Learned a level 1 spell: Apportation
  3374 | D:4      | Noticed a necrophage
  3562 | D:3      | Reached skill level 1 in Dodging
  3562 | D:3      | Reached XP level 6. HP: 24/38 MP: 6/6
  3562 | D:3      | Killed a necrophage
  3563 | D:3      | Reached skill level 1 in Translocations
  3563 | D:3      | Reached skill level 1 in Evocations
  3859 | D:4      | Found a sparkling altar of Nemelex Xobeh.
  3880 | D:4      | Found a snail-covered altar of Cheibriados.
  3883 | D:4      | Noticed a necrophage
  3891 | D:4      | Killed a necrophage
  3892 | D:4      | Reached XP level 7. HP: 38/44 MP: 7/7
  3959 | D:4      | Found a shimmering blue altar of Sif Muna.
  4007 | D:4      | Found a burning altar of Makhleb.
  4309 | D:5      | Entered Level 5 of the Dungeon
  4345 | D:5      | Found a glowing golden altar of the Shining One.
  4346 | D:5      | Found a shadowy altar of Dithmenos.
  4347 | D:5      | Found a white marble altar of Elyvilon.
  4465 | D:5      | Noticed Pikel
  4488 | D:5      | Slain by Pikel

Illustrated notes

Levels and vault maps discovered:
D:1:      wheals_arrival_linesprint, layout_basic, basic_ecumenical_altar
D:2:      layout_loops_cross, minmay_fractal_squares_gapless_5
D:3:      layout_basic, serial_shops, nicolae_shop_window_shopping, st_stairs_7,
          minmay_curled_crystal
D:4:      layout_cave_pools, lemuel_round_altar, nemelex_diamond_rough_becter,
          makhleb_heckhound_becter, kennysheep_little_box
D:5:      layout_basic, chequers_temple_overflow_statue_of_worship,
          uniq_crazy_yiuf_cottage, uniq_prince_ribbit1, uniq_pikel

Skill      XL: |  1  2  3  4  5  6  7 |
---------------+----------------------+-----
Axes           | 2 3 4 |  4.4
Shields        | 4 |  4.9
Armour         | 4 |  4.4
Fighting       | 4 |  4.5
Dodging        | 1 |  1.5
Translocations | 1 |  1.9
Evocations     | 1 2 |  2.1

Action                   |  1- 3 |  4- 6 |  7- 9 || total
-------------------------+-------+-------+-------++-------
Melee: War axe           |   110 |   157 |    67 ||   334
  Use: Scroll            |       |    10 |     2 ||    12
       Potion            |       |       |     2 ||     2
Armor: Scale mail        |    69 |    89 |    35 ||   193
Dodge: Dodged            |    48 |    52 |    25 ||   125
Block: Kite shield       |    70 |   127 |    38 ||   235

Table legend: (Time is in decaauts)
 A = Elapsed time spent in this place.
 B = Non-inter-level travel time spent in this place.
 C = Inter-level travel time spent in this place.
 D = Time resting spent in this place.
 E = Time spent auto-exploring this place.
 F = Levels seen in this place.
 G = Mean time per level.
                   A        B        C        D        E       F      G
               +--------+--------+--------+--------+--------+-----+--------+
         Total |   4677 |   4596 |     81 |    683 |   2947 |   5 |  935.4 |
       Dungeon |   4677 |   4596 |     81 |    683 |   2947 |   5 |  935.4 |
               +--------+--------+--------+--------+--------+-----+--------+

Top non-repeatable levels by time:
     D:1: 1388 daAuts
     D:2: 1273 daAuts
     D:3: 1133 daAuts
     D:4: 677 daAuts
     D:5: 205 daAuts
